General information
			
			
        
        - name: BNet
 
        - type: Ladder team game (AT/RT)
 
        - host: Battle.net
 
        - saver: Cookie_Hacker
 
        
map: Friends 
        - players: 8
 
        - length: 09:43
 
        - speed: Fast
 - version: 1.22 W3XP
 - replay type:  Public
 
» download(108 KB)
Players
        team 1 (loser) 
              
              
atouchofherlips (
teal | 98 APM | 947 actions | 09:42)
              
 2 Death Knight 
 1 Death Coil
 1 Unholy Aura
 
                » actions 
                
                | Assign group hotkey | 70 |  | 
| Basic commands | 7 |  | 
| Build / train | 25 |  | 
| Enter build submenu | 9 |  | 
| Enter hero's abilities submenu | 2 |  | 
| Remove unit from queue | 1 |  | 
| Right click | 309 |  | 
| Select / deselect | 122 |  | 
| Select group hotkey | 378 |  | 
| Use ability | 24 |  | 
                947 total
 » units 
                
                | Acolyte | 2 |  | 
| Ghoul | 2 |  | 
| Crypt Fiend | 7 |  | 
| Huntress | 1 |  | 
                12 total
 » upgrades
                » buildings
                
                | Crypt | 1 |  | 
| Graveyard | 1 |  | 
| Altar of Darkness | 1 |  | 
| Ziggurat | 4 |  | 
| Tomb of Relics | 1 |  | 
| Nerubian Tower | 1 |  | 
| Spirit Tower | 1 |  | 
| Halls of the Dead | 1 |  | 
| Black Citadel | 0 |  | 
                11 total
 » build order
                00:09 Crypt
00:17 Graveyard
00:41 Altar of Darkness
00:56 Ziggurat
01:34 Tomb of Relics
02:16 Nerubian Tower
02:33 Ziggurat
03:49 Spirit Tower
04:23 Ziggurat
04:38 Halls of the Dead
04:43 Ziggurat
08:14 Black Citadel
» items
                
                | Rod of Necromancy | 1 |  | 
| Potion of Healing | 1 |  | 
                2 total
  
               
              
              
» 
TIMG4STRok (
red | 118 APM | 1139 actions | 09:40)
              
 3 Tauren Chieftain 
 2 Shockwave
 1 Endurance Aura
 
                » actions 
                
                | Assign group hotkey | 17 |  | 
| Basic commands | 88 |  | 
| Build / train | 30 |  | 
| ESC pressed | 1 |  | 
| Enter build submenu | 16 |  | 
| Enter hero's abilities submenu | 3 |  | 
| Right click | 484 |  | 
| Select / deselect | 91 |  | 
| Select group hotkey | 381 |  | 
| Use ability | 28 |  | 
                1139 total
 » units 
                
                | Peon | 8 |  | 
| Troll Headhunter/Berserker | 8 |  | 
                16 total
 » upgrades
                » buildings
                
                | Altar of Storms | 1 |  | 
| Orc Burrow | 6 |  | 
| War Mill | 1 |  | 
| Barracks | 2 |  | 
| Voodoo Lounge | 1 |  | 
| Stronghold | 1 |  | 
| Fortress | 1 |  | 
| Beastiary | 1 |  | 
| Watch Tower | 2 |  | 
                16 total
 » build order
                00:07 Altar of Storms
00:18 Orc Burrow
00:45 War Mill
01:23 Barracks
01:57 Barracks
02:07 Orc Burrow
03:46 Orc Burrow
03:55 Orc Burrow
04:18 Voodoo Lounge
04:56 Stronghold
06:42 Orc Burrow
07:23 Fortress
07:31 Beastiary
08:17 Watch Tower
08:18 Watch Tower
09:21 Orc Burrow
» items
                
                | Healing Salve | 2 |  | 
| Lesser Clarity Potion | 1 |  | 
| Scroll of Speed | 2 |  | 
| Potion of Healing | 1 |  | 
                6 total
  
               
              
              
wsa.hidan (
yellow | 92 APM | 872 actions | 09:31)
              
 2 Death Knight 
 1 Death Coil
 1 Unholy Aura
 1 Lich 
 1 Frost Nova
 
                » actions 
                
                | Assign group hotkey | 59 |  | 
| Basic commands | 3 |  | 
| Build / train | 27 |  | 
| Enter build submenu | 10 |  | 
| Enter hero's abilities submenu | 3 |  | 
| Right click | 449 |  | 
| Select / deselect | 92 |  | 
| Select group hotkey | 197 |  | 
| Use ability | 32 |  | 
                872 total
 » units 
                
                | Acolyte | 2 |  | 
| Ghoul | 4 |  | 
| Crypt Fiend | 4 |  | 
                10 total
 » upgrades
                » buildings
                
                | Graveyard | 1 |  | 
| Crypt | 1 |  | 
| Necropolis | 1 |  | 
| Altar of Darkness | 1 |  | 
| Ziggurat | 2 |  | 
| Tomb of Relics | 1 |  | 
| Nerubian Tower | 1 |  | 
| Halls of the Dead | 1 |  | 
| Black Citadel | 1 |  | 
| Sacrificial Pit | 1 |  | 
| Boneyard | 2 |  | 
                13 total
 » build order
                00:10 Graveyard
00:16 Crypt
00:41 Necropolis
00:59 Altar of Darkness
01:14 Ziggurat
01:52 Tomb of Relics
02:15 Nerubian Tower
02:42 Halls of the Dead
04:16 Ziggurat
05:07 Black Citadel
05:43 Sacrificial Pit
08:26 Boneyard
08:44 Boneyard
» items
                
                | Rod of Necromancy | 2 |  | 
| Scroll of Town Portal | 1 |  | 
| Potion of Healing | 1 |  | 
| Orb of Corruption | 1 |  | 
                5 total
  
               
              
              
» 
YEAHSHESASSBATS (
purple | 85 APM | 757 actions | 08:55)
              
 1 Priestess of the Moon 
 1 Searing Arrows
 
                » actions 
                
                | Assign group hotkey | 16 |  | 
| Basic commands | 16 |  | 
| Build / train | 26 |  | 
| ESC pressed | 1 |  | 
| Enter build submenu | 9 |  | 
| Enter hero's abilities submenu | 1 |  | 
| Right click | 340 |  | 
| Select / deselect | 204 |  | 
| Select group hotkey | 126 |  | 
| Use ability | 18 |  | 
                757 total
 » units 
                » buildings
                
                | Altar of Elders | 1 |  | 
| Moon Well | 4 |  | 
| Hunter's Hall | 1 |  | 
| Ancient of War | 2 |  | 
                8 total
 » build order
                00:08 Altar of Elders
00:12 Moon Well
01:29 Hunter's Hall
01:55 Ancient of War
02:18 Ancient of War
02:35 Moon Well
04:12 Moon Well
05:41 Moon Well
» items
                 
               team 2 (winner) 
              
              
» 
Cookie_Hacker (
pink | 122 APM | 1188 actions | 09:43)
              
 3 Priestess of the Moon 
 1 Searing Arrows
 2 Trueshot Aura
 
                » actions 
                
                | Assign group hotkey | 69 |  | 
| Build / train | 19 |  | 
| ESC pressed | 1 |  | 
| Enter build submenu | 3 |  | 
| Enter hero's abilities submenu | 3 |  | 
| Give item / drop item | 2 |  | 
| Right click | 988 |  | 
| Select / deselect | 51 |  | 
| Select group hotkey | 45 |  | 
| Use ability | 7 |  | 
                1188 total
 » units 
                » buildings
                
                | Altar of Elders | 1 |  | 
| Moon Well | 2 |  | 
                3 total
 » build order
                00:07 Altar of Elders
00:20 Moon Well
06:44 Moon Well
 
               
              
              
» 
DASOCKBANDIT (
blue | 153 APM | 1482 actions | 09:43)
              
 3 Tauren Chieftain 
 2 Endurance Aura
 1 War Stomp
 
                » actions 
                
                | Assign group hotkey | 39 |  | 
| Build / train | 46 |  | 
| ESC pressed | 2 |  | 
| Enter build submenu | 13 |  | 
| Enter hero's abilities submenu | 3 |  | 
| Right click | 578 |  | 
| Select / deselect | 267 |  | 
| Select group hotkey | 500 |  | 
| Use ability | 34 |  | 
                1482 total
 » units 
                
                | Peon | 10 |  | 
| Troll Headhunter/Berserker | 8 |  | 
| Demolisher | 6 |  | 
                24 total
 » upgrades
                
                | Ranged Weapons | 3 |  | 
| Armor | 3 |  | 
| Burning Oil | 1 |  | 
| Berserker Upgrade | 1 |  | 
                8 total
 » buildings
                
                | Altar of Storms | 1 |  | 
| Orc Burrow | 7 |  | 
| Barracks | 2 |  | 
| War Mill | 1 |  | 
| Voodoo Lounge | 1 |  | 
| Stronghold | 1 |  | 
| Fortress | 1 |  | 
| Spirit Lodge | 1 |  | 
                15 total
 » build order
                00:04 Altar of Storms
00:24 Orc Burrow
00:41 Barracks
00:55 War Mill
01:24 Barracks
01:27 Orc Burrow
01:50 Voodoo Lounge
02:06 Orc Burrow
02:16 Stronghold
03:19 Orc Burrow
04:44 Orc Burrow
04:52 Fortress
05:40 Orc Burrow
06:52 Orc Burrow
08:18 Spirit Lodge
» items
                
                | Healing Salve | 3 |  | 
| Lesser Clarity Potion | 2 |  | 
| Scroll of Speed | 1 |  | 
| Scroll of Town Portal | 1 |  | 
                7 total
  
               
              
              
» 
Dexter[Morgan (
orange | 90 APM | 879 actions | 09:43)
              
 3 Keeper of the Grove 
 2 Entangling Roots
 1 Thorns Aura
 
                » actions 
                
                | Assign group hotkey | 137 |  | 
| Basic commands | 6 |  | 
| Build / train | 38 |  | 
| Enter build submenu | 15 |  | 
| Enter hero's abilities submenu | 3 |  | 
| Remove unit from queue | 2 |  | 
| Right click | 415 |  | 
| Select / deselect | 168 |  | 
| Select group hotkey | 53 |  | 
| Use ability | 42 |  | 
                879 total
 » units 
                » buildings
                
                | Altar of Elders | 1 |  | 
| Moon Well | 5 |  | 
| Hunter's Hall | 1 |  | 
| Ancient of War | 2 |  | 
| Tree of Ages | 1 |  | 
| Ancient of Wonders | 2 |  | 
| Ancient Protector | 1 |  | 
| Ancient of Lore | 2 |  | 
                15 total
 » build order
                00:09 Altar of Elders
00:12 Moon Well
01:34 Hunter's Hall
01:46 Ancient of War
02:04 Ancient of War
02:18 Moon Well
02:19 Moon Well
04:49 Moon Well
05:41 Moon Well
06:26 Tree of Ages
07:27 Ancient of Wonders
07:57 Ancient Protector
09:11 Ancient of Lore
09:12 Ancient of Lore
09:21 Ancient of Wonders
» items
                
                | Scroll of Town Portal | 1 |  | 
| Healing Salve | 1 |  | 
| Orb of Lightning | 1 |  | 
                3 total
  
               
              
              
Patrick[Bateman (
green | 114 APM | 1103 actions | 09:43)
              
 3 Blademaster 
 2 Wind Walk
 1 Critical Strike
 1 Shadow Hunter 
 1 Hex
 
                » actions 
                
                | Assign group hotkey | 24 |  | 
| Basic commands | 9 |  | 
| Build / train | 32 |  | 
| Enter build submenu | 11 |  | 
| Enter hero's abilities submenu | 4 |  | 
| Right click | 540 |  | 
| Select / deselect | 105 |  | 
| Select group hotkey | 347 |  | 
| Use ability | 31 |  | 
                1103 total
 » units 
                » upgrades
                » buildings
                
                | Altar of Storms | 1 |  | 
| Orc Burrow | 4 |  | 
| Barracks | 1 |  | 
| Voodoo Lounge | 1 |  | 
| War Mill | 1 |  | 
| Stronghold | 1 |  | 
| Fortress | 1 |  | 
| Beastiary | 2 |  | 
                12 total
 » build order
                00:07 Altar of Storms
00:18 Orc Burrow
00:37 Barracks
01:34 Orc Burrow
01:58 Voodoo Lounge
02:22 War Mill
03:13 Stronghold
04:06 Orc Burrow
04:41 Orc Burrow
05:39 Fortress
05:41 Beastiary
05:42 Beastiary
» items
                
                | Healing Salve | 2 |  | 
| Scroll of Speed | 2 |  | 
| Lesser Clarity Potion | 1 |  | 
| Scroll of Town Portal | 1 |  | 
                6 total
  
                Chat log
          (00:52 / All) DASOCKBANDIT: GOOD LUCK HAVE FUN
(00:58 / All) TIMG4STRok: gg gl
(01:02 / All) atouchofherlips: BRB NEED TO GET DOOR
(01:04 / All) Patrick[Bateman: GL AND HAVE FU
(01:05 / All) YEAHSHESASSBATS: And talk bout life
(01:06 / All) Patrick[Bateman: BRB
(01:09 / All) TIMG4STRok: manner please
(01:10 / All) Patrick[Bateman: NEED TO RETURN SOME VIDEOTAPED
(01:18 / All) YEAHSHESASSBATS: Porn
(01:35 / All) YEAHSHESASSBATS: Incest: The daughter and dad story.
(01:42 / All) Dexter[Morgan: I LIKE TO DISSECT GIRLS
(01:45 / All) Dexter[Morgan: DID YOU KNOW IM UTTERLY INSANE?
(02:05 / All) YEAHSHESASSBATS: u ever watched dexter's lab
(03:16 / All) DASOCKBANDIT: gucci bandana just to make me look tight
(03:38 / All) DASOCKBANDIT: scout for ownage feed
(09:30 / All) wsa.hidan: gg
(09:35 / All) DASOCKBANDIT: faggot noobs down